Aya, chaotic male elven Ranger # ------- ---------------- -.--- |.....| #.....<.........| |...| ------- ----- |.....| ###|..........{....########.....# #-.....| |...| |.....| # |+.............| |...|# #|.....| #-...-# |......######## --+----------.-- -----# #|..._..####-----# |.....| ############ # #------- # |......#### # # ### # -----.- # ### # # # # ### ------.---- # # # ### # |.........| # # #### # ### |.........| ## # %------- ### # |.........| #-----# #|.?%=%| # ##..........| #|...|# #|.[)[?| # ----------- #|...|# #|d[.=)| # #|....# #|.)!*)| ---.-- #|...| #-)D.+%| |.....# #|...| |.)[?(| |..>.| #-...| ------- ------ ----- Aya the Lookout Experience level: 4 Strength: 18/96 Dexterity: 11 Constitution: 15 Intelligence: 14 Wisdom: 11 Charisma: 7 Health: 16(110) Energy: 14(14) Def: 11 Gold: 2531 Moves: 789 Dungeon seed: 4gXWfvAl9bmLtdpe Game ID: Aya_1551777588 Your Inventory: Coins $ - 2531 gold pieces Weapons a - the +1 Sting b - a +1 elven bow (alternate weapon; not wielded) c - 52 +2 elven arrows (in quiver) d - 37 +0 elven arrows Comestibles f - 4 uncursed lembas wafers Scrolls j - a blessed scroll of enchant weapon Wands g - a wand of striking (0:0) i - a wand of cancellation (0:7) Tools h - an uncursed skeleton key Spells and supernatural/magical abilities: Name Level Category Fail Memory W - pray for help -- divine ? -- Z - breathe disintegration -- ability ? -- Your skills at the end: Fighting Skills Weapon Skills dagger [Basic] bow [Basic] Spellcasting Skills Final Attributes: You were fervently aligned. You were sleep resistant. You were disintegration-resistant. You saw invisible. You had automatic searching. You could fly. You were permanently polymorphed into a black dragon. You could not change from your current form. You survived. Vanquished creatures: a shopkeeper a small mimic a green mold 4 jackals a fox a kobold a goblin a lichen a kobold zombie 5 newts 17 creatures vanquished. Voluntary challenges: You were an atheist. You never hit with a wielded weapon. You were illiterate. You never genocided any monsters. You never polymorphed an object. You never changed form. You used no wishes. You never split a pudding. You never wrote Elbereth's name. You violated your moral code, losing 16 points of alignment, starting on turn 755. Dungeon overview: The Dungeons of Doom: levels 1 to 2 Level 1 a fountain a long staircase Level 2 <- You were here a general store, an altar to Mercury, a fountain History has recorded: On T:1 you entered the Dungeons of Doom to retrieve the Amulet of Yendor! On T:371 you reached level 2 of The Dungeons of Doom. On T:647 you advanced to experience level 2. On T:761 you advanced to experience level 3. On T:780 you advanced to experience level 4. Score breakdown: Gold: 2531 (11577 points) Experience: 4 levels ( 9649 points) Exploration: 2 levels ( 4.17%) ( 4375 points) Discoveries: 2 items ( 0.69%) ( 2491 points) Valuables value: (no points given unless you survive) Artifact value: 800 ( 9877 points) Variety of kills: 10 monsters ( 2.62%) ( 4860 points) Turncount: 789 turns ( 0 points) Survival: quit (score multiplied by 90%) Total score: 38546 Latest messages: Black dragon called Aya on a corpse on the floor of a room. Please move the cursor to an unknown object. Crossbow bolts on the floor of a room. Wait! That's a small mimic! The small mimic bumps right into you! You bite the small mimic. You hit the small mimic. (2x) Sirius drops a crossbow. You bite the small mimic. You hit the small mimic. You kill the small mimic! Sirius eats a small mimic corpse. Sirius picks up a potion. Sirius drops a potion. Sirius eats a partly eaten shopkeeper corpse. Please move the cursor to an unknown object. A mace on the floor of a room. Never mind. To quit the game, use the 'save' command (typically on 'S'). Final status: Goodbye Aya the Ranger, quit... You quit in The Dungeons of Doom on dungeon level 2 with 38546 points, and 2531 pieces of gold, after 789 moves. You were level 4 with a maximum of 30 hit points when you quit.